 Dungeon Crawl Stone Soup version 0.24-a0-11-g46ee55f (webtiles) character file.

172 Gunnerkreig the Firebug (level 5, 0/36 HPs)
             Began as a Demonspawn Fire Elementalist on May 6, 2015.
             Slain by a kobold
             ... wielding a +0 short sword
              (3 damage)
             ... on level 3 of the Dungeon on Feb 5, 2019.
             The game lasted 00:34:28 (4859 turns).

Gunnerkreig the Firebug (DsFE)                      Turns: 4859, Time: 00:34:29

Health: 0/36       AC:  5    Str:  9    XL:     5   Next: 27%
Magic:  8/8        EV: 12    Int: 17    God:
Gold:   112        SH:  0    Dex: 13    Spells: 2/8 levels left

rFire    . . .     SeeInvis .   l - +1 dagger (venom)
rCold    . . .     Gourm    .   (no shield)
rNeg     . . .     Faith    .   o - +0 robe (curse)
rPois    .         Spirit   .   k - +0 helmet
rElec    .         Reflect  .   (no cloak)
rCorr    .         Harm     .   (no gloves)
MR       .....                  (no boots)
Stlth    +.........             (no amulet)
HPRegen  0.12/turn              j - ring of attention (curse)
MPRegen  0.11/turn              (no ring)

@: no status effects
A: iridescent scales 1, rot immunity
a: no special abilities


You were on level 3 of the Dungeon.
You were not hungry.

You visited 1 branch of the dungeon, and saw 3 of its levels.

You collected 112 gold pieces.

Inventory:

Hand Weapons
 e - a +1 dagger
 l - a +1 dagger of venom (weapon)
Armour
 a - a +0 robe
 i - a +1 animal skin
 k - a +0 helmet (worn)
 o - a cursed +0 robe (worn)
Jewellery
 j - a cursed ring of attention (left hand)
Potions
 f - a potion of haste
 h - a potion of might
 m - a potion of heal wounds
Comestibles
 c - 4 rations
 g - a ration


   Skills:
 + Level 0.8 Fighting
 + Level 0.3 Short Blades
 - Level 1.7 Dodging
 - Level 1.7 Stealth
 - Level 2.0 Spellcasting
 + Level 2.8 Conjurations
 + Level 4.6 Fire Magic


You had 2 spell levels left.
You knew the following spells:

 Your Spells              Type           Power        Failure   Level  Hunger
a - Flame Tongue          Conj/Fire      ##...        4%          1    #......
b - Throw Flame           Conj/Fire      ##....       6%          2    ###....
c - Conjure Flame         Conj/Fire      ##......     12%         3    ###....

Your spell library contained the following spells:

 Spells                   Type           Power        Failure   Level  Hunger
 Inner Flame              Hex/Fire       #.......     22%         3    ###....
 Sticky Flame             Conj/Fire      ##......     38%         4    #####..
 Fireball                 Conj/Fire      ##........   75%         5    ######.


Dungeon Overview and Level Annotations

Branches:
Dungeon (3/15)

Altars:
Elyvilon
Fedhas


Innate Abilities, Weirdness & Mutations

You are partially covered in iridescent scales. (AC +2)
You are immune to rotting.


Message History

The kobold hits you with a +0 short sword.
The kobold closely misses you.
The kobold hits you with a +0 short sword!
The kobold hits you with a +0 short sword.
* * * LOW HITPOINT WARNING * * *
The kobold hits you but does no damage. The kobold completely misses you.
The kobold barely misses you. The kobold closely misses you.
The kobold hits you with a +0 short sword.
* * * LOW HITPOINT WARNING * * *
The kobold barely misses you. The kobold hits you but does no damage.
The kobold completely misses you.
The kobold hits you with a +0 short sword.
* * * LOW HITPOINT WARNING * * *
The kobold hits you with a +0 short sword.
* * * LOW HITPOINT WARNING * * *
The kobold hits you with a +0 short sword.
You die...

##################
................@#
################K#
####### #.#
....... #.#
####### #.# ...
..... ##..##. #..#
.#


You could see a kobold.

Vanquished Creatures
  An orc wizard (D:3)
  Robin (D:2)
  4 adders (D:2)
  An ooze (D:1)
  5 worms
  A dart slug (D:3)
  3 leopard geckos
  2 orcs (D:3)
  2 ball pythons (D:2)
  4 giant cockroaches
  17 goblins
  12 hobgoblins
  3 quokkas (D:3)
  9 bats
  3 frilled lizards (D:1)
  8 kobolds
  9 rats
85 creatures vanquished.

Notes
Turn   | Place    | Note
-------+----------+-------------------------------------------
     0 | D:1      | Gunnerkreig, the Demonspawn Fire Elementalist, began the
                  | quest for the Orb.
     0 | D:1      | Reached XP level 1. HP: 13/13 MP: 3/3
   121 | D:1      | Reached skill level 3 in Fire Magic
   184 | D:1      | Gained mutation: You are partially covered in iridescent
                  | scales. (AC +2) [demonic ancestry]
   184 | D:1      | Reached XP level 2. HP: 17/19 MP: 0/5
  1035 | D:1      | Reached XP level 3. HP: 24/24 MP: 2/6
  1129 | D:2      | Found a white marble altar of Elyvilon.
  1422 | D:2      | Found a blossoming altar of Fedhas.
  1427 | D:2      | Reached skill level 4 in Fire Magic
  1678 | D:2      | Gained mutation: You are immune to rotting. [demonic
                  | ancestry]
  1678 | D:2      | Reached XP level 4. HP: 29/31 MP: 2/7
  2194 | D:2      | Noticed Robin
  2249 | D:2      | Killed Robin
  2672 | D:3      | Learned a level 2 spell: Throw Flame
  2676 | D:3      | Learned a level 3 spell: Conjure Flame
  2776 | D:3      | Reached XP level 5. HP: 26/36 MP: 1/8
  3095 | D:3      | Upgraded the game from 0.17-a0-931-g11a8995 to
                  | 0.21-a0-52-gbf49515
  3868 | D:3      | Paralysed by fainting for 5 turns
  4859 | D:3      | Slain by a kobold

Vault maps used:
D:1:      dpeg_arrival_sounds_slurp
D:2:      overflow_temple_1_default, fedhas_altar_3, uniq_robin
D:3:      nicolae_overflow_hidden_temple, minmay_close_crescents

Skill      XL: |  1  2  3 |
---------------+----------+-----
Fire Magic     | 3 4 |  4.6
Fighting       | |  0.8
Short Blades   | |  0.3
Dodging        | |  1.7
Stealth        | |  1.7
Spellcasting   | |  2.0
Conjurations   | |  2.8

Action                   |  1- 3 |  4- 6 || total
-------------------------+-------+-------++-------
Melee: Dagger            |    19 |    62 ||    81
       Dagger            |       |    37 ||    37
 Cast: Flame Tongue      |    76 |    66 ||   142
       Throw Flame       |       |     1 ||     1
  Use: Potion            |     2 |     2 ||     4
       Scroll            |     1 |     2 ||     3
  Eat: Chunk             |     4 |     5 ||     9
       Buggy ration      |       |     1 ||     1
       Chunk             |       |     1 ||     1
Armor: Robe              |       |    29 ||    29
Dodge: Dodged            |       |    58 ||    58

Table legend:
 A = Non-vault XP
 B = Vault XP
 C = Vault XP percentage of total XP
 D = Non-vault monster count
 E = Vault monster count
 F = Vault count percentage of total count
                 A         B        C        D         E       F
            +---------+---------+-------+---------+---------+-------
      Total |       0 |       0 |   N/A |       0 |       0 |  -nan
            +---------+---------+-------+---------+---------+-------
            +---------+---------+-------+---------+---------+-------
